AoeStats
← Lilliandil

Arena

508166541Analyzed
4v4 RM · 11d ago on Sep 21, 2026· 53m 28s· 8 players
Game mode
Random Map
Map size
Large (8 player)
Population
200
Speed
Normal
Resources
Standard
Victory
Conquest
Starting age
Dark Age
Ending age
Imperial Age
RankedLock teamsTeams togetherTeam positionsShared explorationLock speedFull tech treeHidden civsTurbo modeCheats
Victory
Defeat
🇩🇪 Teutons · Germany
1349
+9
🇨🇳 Franks · China
1167
+16
🇸🇮 Khmer · Slovenia
1128
+17
🇵🇪 Celts · Peru
1123
+18
🇫🇷 Vietnamese · France
1261
-19
🇦🇺 Ethiopians · Australia
1161
-15
🇺🇸 Bengalis · United States
1159
-15
🇫🇷 Teutons · France
1077
-11
Hello World
11:08 Feudal Age
13:06 Double-Bit Axe
15:42 Castle Age
13:50 Horse Collar
16:27 Loom
18:17 Bow Saw
18:10 Heavy Plow
24:13 Wheelbarrow
27:13 Gold Mining
32:06 Imperial Age
29:34 Town Watch
30:28 Paiks
30:45 Hand Cart
31:04 Bloodlines
30:54 Husbandry
31:34 Forging
32:08 Scale Barding Armor
32:17 Elite Battle Elephant
33:29 Chain Barding Armor
33:48 Iron Casting
33:52 Town Patrol
34:39 Light Cavalry
36:09 Plate Barding Armor
36:35 Blast Furnace
Lilliandil
10:52 Feudal Age
9:07 Loom
14:47 Castle Age
15:00 Forging
14:51 Scale Mail Armor
16:00 Fletching
16:29 Double-Bit Axe
16:29 Horse Collar
20:37 Heavy Plow
23:41 Arson
23:57 Squires
25:33 Iron Casting
25:14 Chain Mail Armor
26:03 Town Watch
26:54 Wheelbarrow
28:35 Hand Cart
28:20 Town Patrol
33:55 Imperial Age
36:05 Blast Furnace
35:36 Plate Mail Armor
36:05 Bow Saw
renardoracle12
10:52 Feudal Age
15:08 Castle Age
13:14 Double-Bit Axe
13:24 Horse Collar
16:44 Wheelbarrow
18:38 Heavy Plow
21:26 Bow Saw
23:47 Stone Mining
24:05 Loom
29:32 Imperial Age
27:12 Scale Barding Armor
27:18 Forging
27:36 Hand Cart
27:44 Fortified Wall
28:40 Chain Barding Armor
29:19 Iron Casting
28:58 Town Watch
29:52 Bloodlines
31:35 Crop Rotation
30:27 Cavalier
32:15 Plate Barding Armor
32:15 Conscription
32:00 Gold Mining
34:11 Paladin
36:00 Town Patrol
37:08 Two-Man Saw
36:30 Scale Mail Armor
37:32 Blast Furnace
52:39 Chain Mail Armor
Balgrudor
10:30 Feudal Age
14:01 Castle Age
12:17 Double-Bit Axe
12:15 Horse Collar
15:09 Bow Saw
15:05 Heavy Plow
19:27 Loom
20:18 Wheelbarrow
21:16 Scale Mail Armor
23:36 Hand Cart
23:39 Town Watch
27:51 Imperial Age
25:57 Gold Mining
27:23 Chain Mail Armor
27:21 Forging
28:00 Fletching
29:30 Plate Mail Armor
31:02 Iron Casting
34:49 Arson
35:04 Squires
35:43 Stone Mining
37:49 Bodkin Arrow
38:34 Bracer
38:43 Elite Fire Lancer
40:49 Stone Shaft Mining
41:11 Padded Archer Armor
42:25 Paper Money
42:41 Hoardings
42:07 Chatras
44:19 Chemistry
43:39 Ballistics
43:26 Siege Engineers
43:02 Treadmill Crane
43:39 Leather Archer Armor
45:26 Thumb Ring
44:42 Elite Skirmisher
49:20 Imperial Skirmisher
50:44 Pikeman
52:15 Ring Archer Armor
53:49 Two-Man Saw
53:21 Halberdier
m00n
9:44 Feudal Age
12:37 Castle Age
11:14 Double-Bit Axe
13:59 Wheelbarrow
13:08 Horse Collar
31:40 Heavy Plow
31:51 Bow Saw
32:03 Ballistics
33:40 Hand Cart
37:05 Imperial Age
34:40 Gold Mining
34:40 Stone Mining
36:01 Gold Shaft Mining
35:55 Masonry
35:53 Scale Barding Armor
35:48 Pikeman
36:49 Scale Mail Armor
36:59 Forging
37:33 Fortified Wall
37:06 Halberdier
37:27 Heavy Scorpion
38:11 Loom
49:14 Siege Engineers
51:34 Double Crossbow
Togepi
10:54 Feudal Age
14:37 Castle Age
12:23 Horse Collar
12:46 Double-Bit Axe
18:04 Bow Saw
17:56 Heavy Plow
19:28 Heavy Plow
20:20 Fortified Wall
22:30 Wheelbarrow
23:44 Stone Mining
23:47 Gold Mining
26:26 Hand Cart
29:50 Imperial Age
27:36 Stone Mining
28:47 Ballistics
29:53 Heavy Scorpion
31:43 Siege Engineers
32:07 Conscription
33:36 Chemistry
33:40 Stone Shaft Mining
33:43 Pikeman
34:23 Squires
34:24 Scale Mail Armor
34:35 Forging
34:50 Halberdier
35:46 Chain Mail Armor
37:05 Iron Casting
37:29 Plate Mail Armor
38:32 Coinage
38:28 Ironclad
38:29 Crenellations
38:45 Hoardings
39:12 Blast Furnace
38:34 Cavalier
39:24 Bloodlines
40:32 Paladin
42:33 Scale Barding Armor
42:20 Fletching
44:53 Elite Teutonic Knight
47:36 Bodkin Arrow
巨浪大切
9:32 Feudal Age
13:33 Castle Age
14:33 Double-Bit Axe
15:32 Bow Saw
22:38 Wheelbarrow
24:58 Hand Cart
24:34 Gold Mining
25:37 Loom
26:54 Husbandry
29:25 Imperial Age
30:01 Forging
29:56 Scale Barding Armor
29:47 Cavalier
31:37 Iron Casting
31:08 Paladin
33:03 Coinage
37:40 Banking
44:23 Gold Shaft Mining
43:39 Stone Mining
44:54 Chemistry
44:14 Ballistics
43:50 Murder Holes
44:07 Masonry
43:44 Arrowslits
43:22 Pikeman
44:03 Squires
43:49 Arson
44:08 Scale Mail Armor
44:29 Chain Barding Armor
48:27 Town Watch
49:21 Plate Barding Armor
49:46 Blast Furnace
48:39 Fletching
49:00 Light Cavalry
52:41 Caravan
JK_TheBest
9:12 Feudal Age
10:30 Wheelbarrow
15:09 Castle Age
13:26 Double-Bit Axe
14:14 Stone Mining
14:38 Horse Collar
15:35 Gold Mining
16:49 Heavy Plow
22:17 Scale Mail Armor
25:03 Forging
25:41 Gambesons
27:36 Iron Casting
28:30 Chain Mail Armor
29:32 Hand Cart
30:43 Loom
37:55 Imperial Age
35:09 Pikeman
36:15 Bow Saw
38:05 Halberdier
40:28 Chemistry
40:22 Plate Mail Armor
42:56 Heavy Scorpion
46:56 Blast Furnace
47:27 Furor Celtica
49:11 Arson
48:52 Capped Ram
50:43 Conscription
49:55 Siege Ram
Connection lost

Rejoining the realm…

Still unreachable

The connection could not be restored.

Session expired

The server has moved on; the page needs a fresh start.